 Dungeon Crawl Stone Soup version 0.17-a0-1020-ge683cc4 (webtiles) character file.

75 Ngotmuk the Shield-Bearer (level 4, -1/42 HPs)
             Began as a Deep Dwarf Fighter on May 17, 2015.
             Slain by an orc wizard
             ... wielding a +0 dagger
              (2 damage)
             ... on level 3 of the Dungeon.
             The game lasted 00:03:19 (1344 turns).

Ngotmuk the Shield-Bearer (Deep Dwarf Fighter)      Turns: 1344, Time: 00:03:19

Health: -1/42      AC:  8    Str: 20    XL:     4   Next: 11%
Magic:  4/4        EV:  8    Int:  9    God:
Gold:   141        SH:  9    Dex: 12    Spells: 0 memorised, 3 levels left

rFire  . . .     SeeInvis .     a - +0 war axe
rCold  . . .     Clarity  .     o - +0 ring mail (curse)
rNeg   . . .     SustAb   .     c - +0 shield
rPois  .         Gourm    .     (no helmet)
rElec  .         Spirit   .     m - +0 cloak
rCorr  .         Warding  .     n - +0 pair of gloves
rMut   .         Stasis   .     (no boots)
MR     .....                    (no amulet)
Stlth  +.........               (no ring)
                                (no ring)

@: non-regenerating, not resistant to hostile enchantments, very unstealthy
A: damage resistance, recharge devices, sense surroundings 1, slow healing 3
a: Device Recharging


You were on level 3 of the Dungeon.
You were not hungry.

You visited 1 branch of the dungeon, and saw 3 of its levels.

You collected 141 gold pieces.

Inventory:

Hand weapons
 a - a +0 war axe (weapon)
Armour
 c - a +0 shield (worn)
 i - a +0 chain mail
 m - a +0 cloak (worn)
 n - a +0 pair of gloves (worn)
 o - a cursed +0 ring mail (worn)
Jewellery
 p - an uncursed ring of ice {unknown}
Magical devices
 e - a wand of heal wounds (5)
Scrolls
 b - a scroll of teleportation {unknown}
 h - a scroll of remove curse {unknown}
 l - a scroll of blinking {unknown}
Potions
 d - 4 potions of might
 g - a potion of heal wounds {unknown}
 j - a potion of lignification {unknown}
 k - a potion of haste {unknown}
Comestibles
 f - 2 bread rations


   Skills:
 * Level 3.4 Fighting
 * Level 3.4 Axes
 + Level 3.5 Armour
 + Level 3.7 Shields


You had 3 spell levels left.
You didn't know any spells.

Dungeon Overview and Level Annotations

Branches:
Dungeon (3/15)

Altars:
Qazlal


Innate Abilities, Weirdness & Mutations

You are resistant to damage.
You can recharge devices by infusing magical energy.
You passively map a small area around you.
You do not heal naturally.


Message History

A puff of flame appears from out of thin air!
The puff of flame hits you!
* * * LOW HITPOINT WARNING * * *
Something hits you.
You barely miss something. You slash something!
Reactivating autopickup.
You have reached level 4!
You feel clever.
You feel a bit more experienced. Something hits you.
Deactivating autopickup; reactivate with Ctrl-A.
You closely miss something.
You hear some strange, mumbled words.
A puff of flame appears from out of thin air!
The puff of flame hits you! Something hits you but does no damage.
You hit something.
You hear some strange, mumbled words.
A puff of flame appears from out of thin air!
The puff of flame hits you!
* * * LOW HITPOINT WARNING * * *
You miss something. Something hits you.
You die...

, , * *#.# .#
#..#.#.#### ,
....#.... , ,,,
.........,, , ,
, ,, , .......,
... * **
*#.##..# *#.#
#.# , #.##..#
#.###.# ,
#@)#..# #.##..#
##)#..# #.##..#
< #)...#
#.##..#* ##...#
#.##..#
#.>.####.##..###
##..............
#..####.##.####
#..# #.##<####
#..# #.......#


There were no monsters in sight!

Vanquished Creatures
  An orc wizard (D:3)
  2 adders (D:2)
  2 orcs (D:3)
  4 bats
  3 goblins
  5 hobgoblins
  2 jackals (D:2)
  6 kobolds
  A giant cockroach (D:1)
  A giant newt (D:2)
  3 rats (D:1)
30 creatures vanquished.

Notes
Turn   | Place    | Note
--------------------------------------------------------------
     0 | D:1      | Ngotmuk the Deep Dwarf Fighter began the quest for the Orb.
     0 | D:1      | Reached XP level 1. HP: 20/20 MP: 1/1
   387 | D:1      | Reached XP level 2. HP: 27/27 MP: 2/2
   980 | D:2      | Reached XP level 3. HP: 27/34 MP: 3/3
  1031 | D:2      | Found a stormy altar of Qazlal.
  1341 | D:3      | Reached XP level 4. HP: 7/42 MP: 4/4
  1343 | D:3      | HP: 1/42 [something/puff of flame (6)]
  1344 | D:3      | Slain by an orc wizard

Vault maps used:
D:1:      dpeg_arrival_signposts, fountainhead
D:2:      first_bread, grunt_qazlal_clouds
D:3:      zin_statuary, old_standard_altar

Action                   |  1- 3 |  4- 6 || total
-------------------------+-------+-------++-------
Melee: War axe           |    94 |     3 ||    97
  Eat: Bread ration      |     1 |       ||     1
